 Dungeon Crawl Stone Soup version 0.27-a0-1334-g2746e35aca (webtiles) character file.

Game seed: 9578443224752909263

1663 HoaS the Cruncher (level 9, -2/48 HPs)
             Began as a Gargoyle Gladiator on June 26, 2021.
             Slain by an ogre (25 damage)
             ... on level 6 of the Dungeon.
             The game lasted 00:12:47 (5692 turns).

HoaS the Cruncher (Gargoyle Gladiator)              Turns: 5692, Time: 00:12:47

Health: -2/48      AC: 16    Str: 22    XL:     9   Next: 1%
Magic:  9/9        EV:  8    Int:  8    God:
Gold:   216        SH:  0    Dex: 11    Spells: 8/8 levels left

rFire    . . .     SeeInvis .   w - +0 quarterstaff
rCold    . . .     Faith    .   (shield currently unavailable)
rNeg     + . .     Spirit   .   j - +0 chain mail
rPois    ∞         Reflect  .   c - +1 helmet
rElec    +         Harm     .   (no cloak)
rCorr    .         Rampage  .   (no gloves)
Will     .....                  (no boots)
Stlth    ..........             (no amulet)
HPRegen  0.16/turn              (no ring)
MPRegen  0.11/turn              (no ring)

@: no status effects
A: sickness immunity, AC +6, negative energy resistance 1, electricity
resistance, torment resistance 1, petrification resistance
a: no special abilities


You were on level 6 of the Dungeon.
You visited 1 branch of the dungeon, and saw 6 of its levels.

You collected 262 gold pieces.
You spent 46 gold pieces at shops.

Inventory:

Hand Weapons
 q - a +0 shortbow
 w - a +0 quarterstaff (weapon)
Missiles
 g - 86 arrows
 m - 38 poisoned darts (quivered)
Armour
 c - a +1 helmet (worn)
 j - a +0 chain mail (worn)
Wands
 a - a wand of mindburst (8)
Scrolls
 d - 2 scrolls of summoning
Potions
 b - a potion of cancellation
 h - a potion of attraction {unknown}
 i - a potion of flight {unknown}
 k - a potion of mutation {unknown}
 l - 4 potions of curing
 o - 2 potions of heal wounds


   Skills:
 - Level 2.1 Fighting
 * Level 11.1 Staves
 - Level 2.0 Bows
 - Level 1.7 Throwing
 - Level 2.4 Dodging


You had 8 spell levels left.
You didn't know any spells.
Your spell library contained the following spells:

 Spells                   Type           Power      Damage    Failure   Level
 Corona                   Hex            0%         N/A       99%         1
 Magic Dart               Conj           0%         1d3       99%         1
 Blink                    Tloc           N/A        N/A       100%        2
 Call Imp                 Summ           0%         N/A       100%        2
 Ensorcelled Hibernation  Hex/Ice        0%         N/A       100%        2
 Slow                     Hex            0%         N/A       100%        2
 Confusing Touch          Hex            0%         N/A       100%        3
 Conjure Flame            Conj/Fire      0%         6-21      100%        3
 Dazzling Flash           Conj/Hex       0%         N/A       100%        3
 Mephitic Cloud           Conj/Pois/Air  0%         N/A       100%        3
 Tukima's Dance           Hex            0%         N/A       100%        3


Dungeon Overview and Level Annotations

Branches:
Dungeon (6/15)
 Temple: D:4-7

Altars:
Dithmenos
Zin

Shops:
D:1 ![[[[   D:3 ?   D:5 *   D:6 (([


Innate Abilities, Weirdness & Mutations

You are immune to sickness and miasma.
Your stone body is resilient. (AC +6)
You are immune to poison.
You resist negative energy. (rN+)
You are resistant to electric shocks. (rElec)
You are resistant to unholy torment.
You are immune to petrification.


Message History

You kill the kobold!
You swing at nothing.
You start resting.
You feel a little less mighty now.
m - 13 poisoned darts (gained 8)
Items here: ( ))))) [ ††.
m - 20 poisoned darts (gained 7)
You see here a +0 short sword.
Things that are here:
a +0 giant spiked club; an ogre corpse
Items here: ( ))))) [ ††.
m - 38 poisoned darts (gained 18)
You start resting.
HP restored.
You open the door.
Found Hit Axko's Antique Armour Shoppe.
There is an open door here.
There is an entrance to Hit Axko's Antique Armour Shoppe here.
You open the door.
There is an open door here.
You pick up a book of Minor Magic and begin reading...
You add the spells Magic Dart, Blink, Call Imp, Slow, Conjure Flame and Mephitic Cloud to your library.
An ogre comes into view. It is wielding a +0 giant club.
The ogre shouts!
The ogre moves out of view.
An ogre is nearby!
The ogre hits you with a +0 giant club!!
Ouch! That really hurt!
You are too injured to fight recklessly!
You are too injured to fight recklessly!
You thump the ogre!
The ogre is moderately wounded.
The ogre hits you with a +0 giant club.
You sock the ogre!
The ogre is severely wounded.
You sock the ogre!
The ogre is almost dead.
The ogre hits you with a +0 giant club!!
Ouch! That really hurt!
You die...

...#... ..## #. ..# ###
..# #.# ..# . ##.# ..##
..####..'
#..#######...#...#
#..##)..........O#
##.)..)....###..@##
#..###.....# ##...# #..#
####..# ##..## ..## #..#
##..###
...######..######....####
.............##.........#
....#....#................
...###..####...###...###..
..## #....#...## #..##


You could see an ogre.

Vanquished Creatures
  Sigmund (D:2)
  2 black bears
  2 necrophages
  A sky beast (D:6)
  A centaur (D:5)
  3 ogres
  A phantom (D:5)
  A kobold brigand (D:6)
  A bullfrog (D:6)
  A scorpion (D:3)
  A water moccasin zombie (D:5)
  A bullfrog zombie (D:5)
  2 orc priests
  A centaur skeleton (D:5)
  3 iguanas (D:5)
  An orc wizard (D:4)
  A hound skeleton (D:5)
  4 adders
  A white imp (D:5)
  An ufetubus (D:4)
  An adder skeleton (D:4)
  2 worms
  12 dart slugs
  10 orcs
  5 endoplasms
  4 giant cockroaches
  4 goblins
  3 hobgoblins
  2 jackals (D:1)
  8 kobolds
  4 quokkas
  3 ball pythons
  5 bats
  6 frilled lizards
  5 rats
104 creatures vanquished.

Notes
Turn   | Place    | Note
-------+----------+-------------------------------------------
     0 | D:1      | HoaS the Gargoyle Gladiator began the quest for the Orb.
     0 | D:1      | Reached XP level 1. HP: 12/12 MP: 1/1
    13 | D:1      | Found Navidat's Antique Armour Boutique.
    47 | D:1      | Found Ycunylav's Armour Emporium.
    58 | D:1      | Found Noimif's Armour Shop.
   136 | D:1      | Reached XP level 2. HP: 7/17 MP: 2/2
   328 | D:1      | Found Gummuycu's Antique Armour Boutique.
   466 | D:1      | Found Cihof's Distillery.
   689 | D:1      | Reached skill level 4 in Staves
   716 | D:1      | Reached XP level 3. HP: 21/21 MP: 3/3
  1064 | D:2      | Found a faded altar of an unknown god.
  1448 | D:2      | Noticed Sigmund
  1457 | D:3      | Noticed a black bear
  1482 | D:3      | Killed a black bear
  1482 | D:3      | Noticed a scorpion
  1483 | D:3      | Reached skill level 5 in Staves
  1483 | D:3      | Reached XP level 4. HP: 16/26 MP: 4/4
  1483 | D:3      | Reached XP level 5. HP: 18/30 MP: 5/5
  1494 | D:3      | Reached skill level 6 in Staves
  1592 | D:3      | Reached XP level 6. HP: 24/35 MP: 6/6
  1908 | D:3      | Found Lailoc's Magic Scroll Shoppe.
  2209 | D:2      | Killed Sigmund
  2210 | D:2      | Reached skill level 7 in Staves
  2321 | D:2      | Reached XP level 7. HP: 29/40 MP: 7/7
  2963 | D:4      | Reached skill level 8 in Staves
  3566 | D:4      | Found a glowing silver altar of Zin.
  3961 | D:5      | Entered Level 5 of the Dungeon
  4240 | D:5      | Reached skill level 9 in Staves
  4268 | D:5      | Reached XP level 8. HP: 36/44 MP: 8/8
  4657 | D:5      | Found a shadowy altar of Dithmenos.
  4873 | D:5      | Found Suibuz's Neck Hole.
  4891 | D:5      | Reached skill level 10 in Staves
  5388 | D:6      | Found Pitics's Weapon Shop.
  5390 | D:6      | Found Ydeamuucerch's Antique Weapon Boutique.
  5391 | D:6      | Bought 18 arrows for 46 gold pieces
  5407 | D:6      | Reached skill level 1 in Bows
  5511 | D:6      | Reached skill level 11 in Staves
  5520 | D:6      | Reached XP level 9. HP: 27/48 MP: 9/9
  5670 | D:6      | Found Hit Axko's Antique Armour Shoppe.
  5692 | D:6      | Slain by an ogre

Illustrated notes

Levels and vault maps discovered:
D:1:      dpeg_arrival_pond, layout_rooms, serial_shops,
          nicolae_shop_waterfront, shop, nicolae_shop_statue_plus, shop,
          nicolae_shop_waterfront
D:2:      layout_basic, shapermc_ecumenical_altar_notcrosses,
          kennysheep_generic_room_2, uniq_sigmund
D:3:      layout_rooms, serial_shops, shop_fountains, supply_closet_lemuel
D:4:      layout_loops_corners, zin_statuary
D:5:      kennysheep_slugbush, layout_rooms, old_standard_altar,
          nicolae_shop_sticking_my_neck_out
D:6:      layout_layer_cave, gammafunk_temple_overflow_pools,
          minmay_temple_entry_tees, serial_shops, shop,
          nicolae_shop_statue_plus, nicolae_stop_n_shop_2,
          nicolae_shop_waterfront, nicolae_shop_behind_doors,
          minmay_fractal_squares_5

Skill      XL: |  1  2  3  4  5  6  7  8 |
---------------+-------------------------+-----
Staves         | 4 5 6 7 9 11 | 11.1
Bows           | 2 |  2.0
Fighting       | |  2.1
Throwing       | |  1.7
Dodging        | |  2.4

Action                   |  1- 3 |  4- 6 |  7- 9 || total
-------------------------+-------+-------+-------++-------
Melee: Quarterstaff      |    95 |    57 |   264 ||   416
Throw: Throwing net      |     3 |     2 |       ||     5
       Dart              |       |       |     4 ||     4
  Use: Scroll            |     5 |     3 |     7 ||    15
       Potion            |       |     1 |     2 ||     3
Armor: Leather armour    |    30 |    15 |       ||    45
       Chain mail        |       |    14 |   156 ||   170
Dodge: Dodged            |    44 |    28 |    93 ||   165

Table legend: (Time is in decaauts)
 A = Elapsed time spent in this place.
 B = Non-inter-level travel time spent in this place.
 C = Inter-level travel time spent in this place.
 D = Time resting spent in this place.
 E = Time spent auto-exploring this place.
 F = Levels seen in this place.
 G = Mean time per level.
                   A        B        C        D        E       F      G
               +--------+--------+--------+--------+--------+-----+--------+
         Total |   5677 |   5394 |    283 |   1624 |   2982 |   6 |  946.2 |
       Dungeon |   5677 |   5394 |    283 |   1624 |   2982 |   6 |  946.2 |
               +--------+--------+--------+--------+--------+-----+--------+

Top non-repeatable levels by time:
     D:5: 1264 daAuts
     D:2: 1262 daAuts
     D:4: 1172 daAuts
     D:1: 879 daAuts
     D:3: 806 daAuts
     D:6: 292 daAuts
